 Dungeon Crawl Stone Soup version 0.29-a0-923-g6e406bff71 (webtiles) character file.

Game seed: 6554605412426527296

154 ketsa the Chopper (level 5, -5/45 HPs)
             Began as a Minotaur Abyssal Knight on July 27, 2022.
             Was a Priest of Lugonu.
             Slain by Terence
             ... wielding a +0 vorpal hand axe
              (6 damage)
             ... on level 3 of the Dungeon.
             The game lasted 00:08:36 (2577 turns).

ketsa the Chopper (Minotaur Abyssal Knight)         Turns: 2577, Time: 00:08:37

Health: -5/45      AC:  3    Str: 19    XL:     5   Next: 13%
Magic:  6/6        EV: 11    Int:  7    God:    Lugonu [***...]
Gold:   109        SH:  0    Dex: 11    Spells: 4/4 levels left

rFire   . . .      SeeInvis .   g - +0 war axe
rCold   . . .      Faith    .   (no shield)
rNeg    . . .      Spirit   .   b - +0 leather armour
rPois   .          Reflect  .   (helmet restricted)
rElec   .          Harm     .   (no cloak)
rCorr   .          Rampage  .   (no gloves)
Will    .....                   (no boots)
Stlth   +.........              (no amulet)
HPRegen 0.15/turn               (no ring)
MPRegen 0.10/turn               (no ring)

@: no status effects
A: horns 2, retaliatory headbutt
a: Renounce Religion, Depart the Abyss, Bend Space, Banish


You were on level 3 of the Dungeon.
You worshipped Lugonu.
Lugonu was most pleased with you.
You visited 1 branch of the dungeon, and saw 3 of its levels.
You visited the Abyss 1 time.

You collected 109 gold pieces.

Inventory:

Hand Weapons
 c - a +1 dagger of draining
 g - a +0 war axe (weapon)
Missiles
 f - 9 stones (quivered)
Armour
 b - a +0 leather armour (worn)
 d - a +0 chain mail
 k - a +0 ring mail
 l - a +0 scale mail
Scrolls
 h - a scroll of butterflies {unknown}
 j - a scroll of enchant armour {unknown}
 m - 3 scrolls of teleportation {unknown}
 o - a scroll of identify
 q - a scroll of magic mapping {unknown}
 r - a scroll of immolation {unknown}
Potions
 a - a potion of invisibility {unknown}
 e - 2 potions of curing
 i - a potion of heal wounds
 n - a potion of haste {unknown}
 p - 2 potions of mutation {unknown}


   Skills:
 - Level 3.6 Fighting
 + Level 5.4 Axes
 - Level 2.4 Armour
 - Level 1.1 Dodging
 + Level 3.3 Invocations


You had 4 spell levels left.
You didn't know any spells.
Your spell library contained the following spells:

 Spells                   Type           Power      Damage    Failure   Level
 Ozocubu's Armour         Ice            0%         N/A       86%         3
 Ozocubu's Refrigeration  Ice            0%         4d5       100%        7


Dungeon Overview and Level Annotations

Branches:
Dungeon (3/15)

Altars:
Elyvilon
Nemelex Xobeh
Uskayaw
Wu Jian
The Shining One

Annotations:
D:3 Terence


Innate Abilities, Weirdness & Mutations

You have a pair of horns on your head.
You reflexively headbutt those who attack you in melee.


Message History

Terence hits you with a +0 vorpal hand axe!
You barely miss Terence. Your headbutt misses Terence.
Terence is lightly wounded.
Terence hits you with a +0 vorpal hand axe.
You hit Terence but do no damage. Your headbutt misses Terence.
Terence is lightly wounded.
Terence closely misses you.
You closely miss Terence. Your headbutt misses Terence.
Terence is lightly wounded.
Terence hits you with a +0 vorpal hand axe. x2
You hit Terence but do no damage. Your headbutt misses Terence.
Terence is lightly wounded.
Terence hits you with a +0 vorpal hand axe.
You hit Terence. Your headbutt misses Terence.
Terence is moderately wounded.
Terence barely misses you. You furiously retaliate!
You headbutt Terence, but do no damage. You hit Terence but do no damage.
You headbutt Terence.
Terence is heavily wounded.
Terence hits you with a +0 vorpal hand axe.
You hit Terence.
Terence is severely wounded.
Terence closely misses you.
Terence hits you with a +0 vorpal hand axe!
* * * LOW HITPOINT WARNING * * *
x2 You hit Terence but do no damage.
Terence is severely wounded.
Terence hits you with a +0 vorpal hand axe.
* * * LOW HITPOINT WARNING * * *
x2 You hit Terence.
Your headbutt misses Terence.
Terence is almost dead.
Terence closely misses you.
You hit Terence.
Terence is almost dead.
Terence barely misses you.
You closely miss Terence.
Terence is almost dead.
Terence barely misses you.
Terence hits you with a +0 vorpal hand axe.
You die...

#.#.............#.#
#.#.######..##....#
#.#.# #....)....#
#.#.#####..##....##
#......<...###..##
###.#####..# ##.##
##.## #..# #K.#
###...####..# #@#.#
.......>.....
#@##.#
###...######.###.#
#.#
##.............# ##
####.########## #.#
#.# #.# # #.# # #.#


You could see Terence and a kobold.

Vanquished Creatures
  An orc priest (D:2)
  5 adders
  2 worms
  A dart slug (D:3)
  5 orcs
  7 bats
  2 endoplasms
  A giant cockroach (D:1)
  8 goblins
  5 hobgoblins (D:1)
  4 jackals
  7 kobolds
  3 quokkas
  5 ball pythons
  A frilled lizard (D:2)
  4 rats (D:1)
  3 toadstools (D:1)
64 creatures vanquished.

Vanquished Creatures (others)
  A plant (D:1)
  A toadstool (D:1)
  9 withered plants (D:1)
11 creatures vanquished.

Grand Total: 75 creatures vanquished

Notes
Turn   | Place    | Note
-------+----------+-------------------------------------------
     0 | Abyss:1  | ketsa the Minotaur Abyssal Knight began the quest for the
                  | Orb.
     0 | Abyss:1  | Reached XP level 1. HP: 19/19 MP: 1/1
     1 | D:1      | Escaped the Abyss
   235 | D:1      | Found a faded altar of an unknown god.
   250 | D:1      | Reached skill level 3 in Axes
   299 | D:1      | Reached XP level 2. HP: 26/26 MP: 2/2
   819 | D:1      | Reached XP level 3. HP: 30/31 MP: 3/3
   847 | D:1      | Reached *** piety under Lugonu
  1219 | D:2      | Reached skill level 4 in Axes
  1638 | D:3      | Reached XP level 4. HP: 39/39 MP: 5/5
  1860 | D:2      | Reached skill level 5 in Axes
  2113 | D:3      | Found a sparkling altar of Nemelex Xobeh.
  2113 | D:3      | Found an ornate altar of the Wu Jian Council.
  2114 | D:3      | Found a hide-covered altar of Uskayaw.
  2121 | D:3      | Found a glowing golden altar of the Shining One.
  2122 | D:3      | Found a white marble altar of Elyvilon.
  2180 | D:3      | Reached XP level 5. HP: 43/45 MP: 6/6
  2551 | D:3      | Noticed Terence
  2574 | D:3      | HP: 1/45 [Terence/+0 vorpal hand axe (2)]
  2577 | D:3      | Slain by Terence

Illustrated notes

Levels and vault maps discovered:
D:1:      ldierk_water_garden, layout_basic,
          shapermc_ecumenical_altar_flowoftime
D:2:      layout_loops_cross, minmay_pentomino_pile
D:3:      layout_loops_ring, mainiacjoe_overflow_tiny_flanked,
          grunt_temple_overflow_open, hangedman_abyss_or_decor_stabs,
          uniq_terence

Skill      XL: |  1  2  3  4 |
---------------+-------------+-----
Axes           | 3 4 5 |  5.4
Invocations    | 2 3 |  3.3
Fighting       | |  3.6
Armour         | |  2.4
Dodging        | |  1.1

Action                   |  1- 3 |  4- 6 || total
-------------------------+-------+-------++-------
Melee: Hand axe          |   102 |     5 ||   107
       Headbutt          |    12 |     8 ||    20
       Punch             |     2 |       ||     2
       War axe           |       |    45 ||    45
Throw: Stone             |     4 |       ||     4
  Use: Scroll            |       |     2 ||     2
Armor: Leather armour    |    24 |    16 ||    40
Dodge: Dodged            |    60 |    38 ||    98

Table legend: (Time is in decaauts)
 A = Elapsed time spent in this place.
 B = Non-inter-level travel time spent in this place.
 C = Inter-level travel time spent in this place.
 D = Time resting spent in this place.
 E = Time spent auto-exploring this place.
 F = Levels seen in this place.
 G = Mean time per level.
                   A        B        C        D        E       F      G
               +--------+--------+--------+--------+--------+-----+--------+
         Total |   2600 |   2557 |     43 |    456 |   1310 |   4 |  650.0 |
       Dungeon |   2599 |   2556 |     43 |    456 |   1310 |   3 |  866.3 |
         Abyss |      1 |      1 |      0 |      0 |      0 |   1 |    1.0 |
               +--------+--------+--------+--------+--------+-----+--------+

Top non-repeatable levels by time:
     D:1: 1189 daAuts
     D:2: 921 daAuts
     D:3: 488 daAuts
 Abyss:1: 1 daAuts
